 Dungeon Crawl Stone Soup version 0.31.0-32-g396128a36d (webtiles) character file.

Game seed: 8498395187452461581

7922 mmathis169 the Thaumaturge (level 11, -7/82 HPs)
             Began as a Gnoll Fire Elementalist on Mar 6, 2024.
             Was a Believer of Vehumet.
             Shot with a bolt by a kobold blastminer (8 damage)
             ... on level 1 of the Orcish Mines on Mar 20, 2024.
             The game lasted 02:47:07 (12731 turns).

mmathis169 the Thaumaturge (GnFE)                  Turns: 12731, Time: 02:47:07

Health: -7/82      AC:  9    Str: 14    XL:     11   Next: 22%
Magic:  4/23       EV: 20    Int: 19    God:    Vehumet [**....]
Gold:   582        SH:  0    Dex: 12    Spells: 12/26 levels left

rFire   . . .        a - +3 short sword (speed)
rCold   . . .        (no shield)
rNeg    . . .        w - +2 robe {Will+}
rPois   .            v - +0 helmet
rElec   .            z - +1 cloak {Stlth+}
rCorr   .            (no gloves)
SInv    .            q - +0 pair of boots
Will    +....        (no amulet)
Stlth   +++++        s - +6 ring of strength
HPRegen 0.33/turn    x - +5 ring of evasion
MPRegen 0.18/turn

%: no passive effects
@: about to teleport
A: fangs 1, strong nose, distributed training
a: Renounce Religion


You were on level 1 of the Orcish Mines.
You worshipped Vehumet.
Vehumet was pleased with you.
You visited 3 branches of the dungeon, and saw 11 of its levels.

You collected 582 gold pieces.

Inventory:

Hand Weapons
 a - a +3 short sword of speed (weapon)
 y - a +0 orcbow of flaming
 A - a +2 trident of draining
 I - a +2 dagger of venom
 J - the +3 hammer "Ocruc" {spect, Str+3}
   (You found it on level 2 of the Dungeon)

   Str+3:     It affects your strength (+3).
Missiles
 c - 60 stones
 d - 10 poisoned darts
 r - 8 atropa-tipped darts
 D - a curare-tipped dart
Armour
 o - the +12 plate armour of Disaster {Regen+ Int+9 Stlth-}
   (You took it off an orc on level 9 of the Dungeon)

   Int+9:     It affects your intelligence (+9).
   Regen+:    It increases your rate of health regeneration.
   Stlth-:    It makes you less stealthy.
 q - a +0 pair of boots (worn)
 v - a +0 helmet (worn)
 w - a +2 robe of willpower (worn)
 z - a +1 cloak of stealth (worn)
 C - an orb of energy
 G - +0 acid dragon scales
Jewellery
 s - a +6 ring of strength (left hand)
 x - a +5 ring of evasion (right hand)
Wands
 l - a wand of paralysis (20)
 n - a wand of polymorph (23)
 u - a wand of light (41)
 F - a wand of flame (16)
 L - a wand of roots (9)
Scrolls
 g - a scroll of fear
 h - 2 scrolls of fog
 j - a scroll of vulnerability {unknown}
 k - 2 scrolls of teleportation
 p - 4 scrolls of amnesia
 t - 3 scrolls of immolation
 K - a scroll of poison {unknown}
 Q - a scroll of acquirement {unknown}
Potions
 b - a potion of magic
 e - 2 potions of curing
 f - a potion of might
 i - 2 potions of resistance
 m - 3 potions of haste
 B - a potion of brilliance {unknown}
 E - a potion of enlightenment {unknown}
 H - 2 potions of mutation {unknown}
 M - a potion of cancellation {unknown}
 N - a potion of berserk rage {unknown}
 O - a potion of ambrosia {unknown}
 R - a potion of lignification {unknown}


   Skills:
 + Level 6.3 Fighting
 + Level 6.3 Short Blades
 + Level 6.3 Long Blades
 + Level 6.3 Axes
 + Level 6.3 Maces & Flails
 + Level 6.3 Polearms
 + Level 6.3 Staves
 + Level 6.3 Ranged Weapons
 + Level 6.3 Throwing
 + Level 6.3 Armour
 + Level 7.9 Dodging
 + Level 7.6 Stealth
 + Level 6.3 Shields
 + Level 6.3 Unarmed Combat
 + Level 8.1 Spellcasting
 + Level 5.7 Conjurations
 + Level 5.2 Hexes
 + Level 5.2 Summonings
 + Level 5.2 Necromancy
 + Level 5.2 Translocations
 + Level 7.6 Fire Magic
 + Level 5.2 Ice Magic
 + Level 5.2 Air Magic
 + Level 5.2 Earth Magic
 + Level 5.2 Alchemy
 + Level 6.9 Invocations
 + Level 6.3 Evocations
 + Level 5.7 Shapeshifting


You had 12 spell levels left.
You knew the following spells:

 Your Spells              Type           Power      Damage    Failure   Level
a - Foxfire               Conj/Fire      100%       2x1d9     1%          1
b - Scorch                Fire           74%        2d8       1%          2
c - Swiftness             Air            27%        N/A       3%          3
d - Flame Wave            Conj/Fire      33%        2d10      5%          4
e - Sticky Flame          Fire/Alch      32%        2d7       6%          4

Your spell library contained the following spells:

 Spells                   Type           Power      Damage    Failure   Level
 Frozen Ramparts          Ice            54%        1d9       3%          3
 Apportation              Tloc           54%        N/A       1%          1
 Shock                    Conj/Air       100%       1d9       1%          1
 Jinxbite                 Hex            54%        N/A       1%          2
 Static Discharge         Conj/Air       56%        3-6/arc   1%          2
 Inner Flame              Hex/Fire       32%        N/A       1%          3
 Volatile Blastmotes      Fire/Tloc      64%        2d15      1%          3
 Airstrike                Air            13%        2d(2-18)  11%         4
 Summon Lightning Spire   Summ/Air       27%        N/A       11%         4
 Alistair's Intoxication  Alch           18%        N/A       28%         5


Dungeon Overview and Level Annotations

Branches:
Dungeon (9/15)             Temple (1/1) D:6             Orc (1/2) D:9
   Lair: D:8-11

Altars:
Ashenzari
Cheibriados
Dithmenos
Elyvilon
Fedhas
Gozag
Hepliaklqana
Kikubaaqudgha
Makhleb
Nemelex Xobeh
Okawaru
Qazlal
Ru
Sif Muna
Trog
Uskayaw
Vehumet
Wu Jian
Zin
The Shining One

Shops:
D:4 [

Annotations:
D:4 1 runed translucent door, superradish's ghost, amateur OpSh
D:8 2 transporters, Braxus's ghost, novice DsWr


Innate Abilities, Weirdness & Mutations

You have very sharp teeth.
Your uncanny sense of smell can sniff out nearby items.
Your experience applies equally to all skills.


Message History

Press: ? - help, Dir - look around, f - activate A wave of flame ripples out! (Press . to intensify the flame waves.)
The kobold blastminer shoots a bolt.
The bolt hits you.
* * * LOW HITPOINT WARNING * * *
The orc warrior barely misses you.
An orc comes into view. It is wielding a +0 short sword.
A wave of flame ripples out!
The flame wave engulfs the orc warrior!
The orc warrior is moderately wounded.
The flame wave engulfs the orc warrior but does no damage.
The orc warrior is almost dead.
The kobold blastminer shoots a bolt.
The bolt misses you.
The orc warrior hits you from afar with a +0 halberd.
* * * LOW HITPOINT WARNING * * *
You feel an oppressive heat about you.
There is an entrance to a volcano on this level.
Hurry and find it before the entrance collapses!
Welcome back, mmathis169 the Gnoll Fire Elementalist.
Vehumet says: Let it end in hellfire!
Press ? for a list of commands and other information.
You feel much better.
The kobold blastminer shoots a bolt.
The bolt misses you.
The orc warrior hits you from afar with a +0 halberd.
The orc warrior closely misses you.
The kobold blastminer bats away at the thin smoke enveloping its cannon.
The kobold blastminer shoots a bolt.
The bolt hits you but does no damage.
The orc warrior attacks as it pursues you!
The orc warrior closely misses you.
An orc comes into view. It is wielding a +0 short sword.
The orc warrior attacks as it pursues you!
The orc warrior hits you from afar with a +0 halberd!
The orc warrior hits you from afar with a +0 halberd!
* * * LOW HITPOINT WARNING * * *
As you read the scroll of teleportation, it crumbles to dust.
You feel strangely unstable.
The kobold blastminer shoots a bolt.
The bolt closely misses you.
The orc priest begins to cast a cantrip, but forgets the words!
The orc warrior hits you from afar with a +0 halberd!
* * * LOW HITPOINT WARNING * * *
The orc warrior misses you.
The kobold blastminer shoots a bolt.
The bolt hits you!
You die...

#.##...#####.[..######.. #
#...[####........#.#..
#######...#.....#......... #
###..###$........##..^......
.
##.....####..[>...###.....###
.. #.......####.[)####
##$..## ..##
##......#......#### #...$#
....##$.......[........#
##...#
....#...........@##....#
##.## #...).###.......##
.#..# ### ....(.# ####.o.o.#
###... ......###........##
...# ..o....##...o.....#..
..# ...#.......[.......... ##
.###......oK##.#...... .
##......o#####..###
#...).....## ###


You could see a kobold blastminer, 2 orc warriors, an orc priest and 2 orcs.

Vanquished Creatures
  2 two-headed ogres
  Joseph (D:7)
  Maggie (D:7)
  Jeremiah (D:6)
  A troll (Orc:1)
  A vampire (D:9)
  4 yaks
  2 wyverns
  A human (D:9)
  A warg (D:9)
  2 water moccasins
  5 orc warriors
  2 ogres (D:5)
  3 centaurs
  A phantom (D:4)
  A kobold brigand (D:6)
  Blork the orc (D:4)
  2 bullfrogs
  3 scorpions
  17 wights
  11 killer bees
  3 howler monkeys
  A jelly (D:6)
  9 orc priests
  5 hounds
  3 gnoll boudas
  A sleepcap (D:7)
  Jessica (D:3)
  Crazy Yiuf (D:2)
  20 orc wizards
  6 gnolls
  4 adders
  3 shadow imps
  2 white imps (D:5)
  4 ufetubi (D:5)
  2 dart slugs
  A ribbon worm (D:3)
  44 orcs
  8 bats
  4 endoplasms
  3 giant cockroaches
  5 goblins
  3 hobgoblins
  3 jackals (D:3)
  3 quokkas
  6 ball pythons
  3 frilled lizards
  9 kobolds
  6 rats
226 creatures vanquished.

Vanquished Creatures (others)
  845 foxfires
845 creatures vanquished.

Grand Total: 1071 creatures vanquished

Notes
Turn   | Place    | Note
-------+----------+-------------------------------------------
     0 | D:1      | mmathis169 the Gnoll Fire Elementalist began the quest for
                  | the Orb.
     0 | D:1      | Reached XP level 1. HP: 13/13 MP: 6/6
   123 | D:1      | Reached XP level 2. HP: 19/19 MP: 1/7
   693 | D:1      | Reached skill level 5 in Spellcasting
   693 | D:1      | Reached XP level 3. HP: 25/25 MP: 5/9
   798 | D:1      | You fall into a shaft and drop 1 floor!
   981 | D:2      | Found a runed translucent door.
   982 | D:2      | Noticed Crazy Yiuf
  1498 | D:2      | Found a sparkling altar of Nemelex Xobeh.
  1871 | D:3      | Reached skill level 1 in Invocations
  2106 | D:3      | Noticed Jessica
  2109 | D:3      | Killed Jessica
  2110 | D:3      | Reached skill level 1 in Fighting
  2110 | D:3      | Reached skill level 1 in Short Blades
  2110 | D:3      | Reached skill level 1 in Long Blades
  2110 | D:3      | Reached skill level 1 in Axes
  2110 | D:3      | Reached skill level 1 in Maces & Flails
  2110 | D:3      | Reached skill level 1 in Polearms
  2110 | D:3      | Reached skill level 1 in Staves
  2110 | D:3      | Reached skill level 1 in Ranged Weapons
  2110 | D:3      | Reached skill level 1 in Throwing
  2110 | D:3      | Reached skill level 1 in Armour
  2110 | D:3      | Reached skill level 1 in Shields
  2110 | D:3      | Reached skill level 1 in Unarmed Combat
  2110 | D:3      | Reached skill level 1 in Evocations
  2110 | D:3      | Reached skill level 1 in Shapeshifting
  2110 | D:3      | Reached XP level 4. HP: 32/32 MP: 7/11
  2202 | D:3      | Reached skill level 1 in Hexes
  2202 | D:3      | Reached skill level 1 in Summonings
  2202 | D:3      | Reached skill level 1 in Necromancy
  2202 | D:3      | Reached skill level 1 in Translocations
  2202 | D:3      | Reached skill level 1 in Ice Magic
  2202 | D:3      | Reached skill level 1 in Air Magic
  2202 | D:3      | Reached skill level 1 in Earth Magic
  2202 | D:3      | Reached skill level 1 in Alchemy
  2413 | D:3      | Reached XP level 5. HP: 37/37 MP: 6/12
  2810 | D:4      | Noticed a phantom
  2816 | D:4      | Killed a phantom
  2817 | D:4      | Reached XP level 6. HP: 44/44 MP: 6/13
  2868 | D:4      | Found a runed translucent door.
  2873 | D:4      | Noticed a wyvern
  2874 | D:4      | Noticed superradish's ghost (amateur OpSh)
  2879 | D:4      | Noticed Blork the orc
  2887 | D:4      | Killed Blork the orc
  2888 | D:4      | Reached skill level 5 in Dodging
  3453 | D:4      | Found a sparkling altar of Nemelex Xobeh.
  3453 | D:4      | Found a transporter.
  3660 | D:4      | Found Fadoi's Antique Armour Shop.
  3749 | D:4      | Reached XP level 7. HP: 48/51 MP: 5/15
  3995 | D:5      | Entered Level 5 of the Dungeon
  4030 | D:5      | Learned a level 2 spell: Scorch
  4138 | D:5      | Reached skill level 5 in Stealth
  4279 | D:5      | Learned a level 3 spell: Swiftness
  4294 | D:5      | Reached XP level 8. HP: 58/58 MP: 5/16
  4637 | D:5      | Found an ornate altar of the Wu Jian Council.
  4677 | D:5      | Reached skill level 6 in Spellcasting
  4696 | D:5      | Found a hide-covered altar of Uskayaw.
  4810 | D:5      | Upgraded the game from 0.31.0-12-g77e489cdc1 to
                  | 0.31.0-32-g396128a36d
  5342 | D:6      | Noticed a two-headed ogre
  5460 | D:6      | Found a staircase to the Ecumenical Temple.
  5467 | Temple   | Entered the Ecumenical Temple
  5514 | Temple   | Became a worshipper of Vehumet
  6067 | D:6      | Killed a two-headed ogre
  6068 | D:6      | Reached XP level 9. HP: 16/65 MP: 14/18
  6416 | D:6      | Noticed Jeremiah
  6544 | D:6      | Killed Jeremiah
  6545 | D:6      | Reached skill level 5 in Invocations
  7164 | D:7      | Reached skill level 7 in Spellcasting
  7608 | D:7      | Learned a level 4 spell: Flame Wave
  7613 | D:7      | Learned a level 4 spell: Sticky Flame
  7660 | D:7      | Noticed Joseph
  7672 | D:7      | Killed Joseph
  7673 | D:7      | Reached skill level 5 in Fighting
  7673 | D:7      | Reached skill level 5 in Short Blades
  7673 | D:7      | Reached skill level 5 in Long Blades
  7673 | D:7      | Reached skill level 5 in Axes
  7673 | D:7      | Reached skill level 5 in Maces & Flails
  7673 | D:7      | Reached skill level 5 in Polearms
  7673 | D:7      | Reached skill level 5 in Staves
  7673 | D:7      | Reached skill level 5 in Ranged Weapons
  7673 | D:7      | Reached skill level 5 in Throwing
  7673 | D:7      | Reached skill level 5 in Armour
  7673 | D:7      | Reached skill level 5 in Shields
  7673 | D:7      | Reached skill level 5 in Unarmed Combat
  7673 | D:7      | Reached skill level 5 in Evocations
  7673 | D:7      | Reached XP level 10. HP: 74/74 MP: 12/20
  7842 | D:7      | Noticed Maggie
  7857 | D:7      | Killed Maggie
  8083 | D:7      | Found a snail-covered altar of Cheibriados.
  8086 | D:7      | Found a broken altar of Ashenzari.
  8182 | D:7      | Reached * piety under Vehumet
  8182 | D:7      | Offered knowledge of Sandblast by Vehumet.
  8190 | D:7      | Found a blossoming altar of Fedhas.
  8693 | D:2      | Killed Crazy Yiuf
  8703 | D:2      | Identified the +3 hammer "Ocruc" {spect, Str+3}
  8875 | D:8      | Noticed Braxus's ghost (novice DsWr)
  8885 | D:8      | Reached skill level 5 in Conjurations
  8943 | D:8      | Found a transporter.
  8968 | D:8      | Found a transporter.
  9359 | D:6      | Reached skill level 5 in Shapeshifting
 10570 | D:9      | Reached ** piety under Vehumet
 10610 | D:9      | Offered knowledge of Mercury Vapours by Vehumet.
 10622 | D:9      | HP: 3/76 [orc/+0 short sword (2)]
 10827 | D:9      | Found a staircase to the Orcish Mines.
 10977 | D:9      | Identified the +12 plate armour of Disaster {Regen+ Int+9
                  | Stlth-}
 11051 | D:9      | Noticed a two-headed ogre
 11063 | D:9      | Killed a two-headed ogre
 11064 | D:9      | Reached skill level 8 in Spellcasting
 11064 | D:9      | Reached skill level 5 in Hexes
 11064 | D:9      | Reached skill level 5 in Summonings
 11064 | D:9      | Reached skill level 5 in Necromancy
 11064 | D:9      | Reached skill level 5 in Translocations
 11064 | D:9      | Reached skill level 5 in Ice Magic
 11064 | D:9      | Reached skill level 5 in Air Magic
 11064 | D:9      | Reached skill level 5 in Earth Magic
 11064 | D:9      | Reached skill level 5 in Alchemy
 11064 | D:9      | Reached XP level 11. HP: 81/81 MP: 8/23
 11498 | D:9      | Found a shadowy altar of Dithmenos.
 12315 | Orc:1    | Entered Level 1 of the Orcish Mines
 12370 | Orc:1    | Offered knowledge of Frozen Ramparts by Vehumet.
 12730 | Orc:1    | HP: 1/82 [orc warrior/+0 halberd (16)]
 12731 | Orc:1    | Shot with a bolt by a kobold blastminer

Illustrated notes

Levels and vault maps discovered:
D:1:      evilmike_arrival_crescent, layout_rooms,
          amcnicky_mini_rare_corridor_liquid
D:2:      wander_river, layout_basic, basic_altar, minivault_5,
          uniq_crazy_yiuf_cottage
D:3:      layout_basic, kennysheep_nondescript, uniq_jessica
D:4:      layout_gridville, grunt_nemelex_the_gamble, serial_shops, shop,
          ebering_ghost_inner_flame, nicolae_eternal_life, uniq_blork_the_orc
D:5:      kennysheep_spiral_hall, layout_cave_pools, old_standard_altar,
          kennysheep_little_box, serial_glass, glass_columns_a, glass_columns_c,
          feat_on_display
D:6:      layout_loops_ring, minmay_temple_entry_drinking_statues, uniq_jeremiah
D:7:      layout_basic, fedhas_altar_fruit_tree,
          gammafunk_temple_overflow_statue, uniq_joseph, uniq_maggie
D:8:      layout_basic, gammafunk_ghost_stat_death, st_stairs_3
D:9:      layout_layer_cave, mainiacjoe_overflow_alcove_4, erik_orc_4
Temple:   nicolae_temple_figure_eight
Orc:1:    layout_diamond_mine, enter_volcano_2, serial_shops,
          nicolae_shop_waterfront

Skill      XL: |  1  2  3  4  5  6  7  8  9 10 |
---------------+-------------------------------+-----
Conjurations   | 2 3 4 5 |  5.7
Spellcasting   | 5 6 7 8 |  8.1
Invocations    | 1 2 3 4 5 6 |  6.9
Fighting       | 1 2 3 4 5 6 |  6.3
Short Blades   | 1 2 3 4 5 6 |  6.3
Long Blades    | 1 2 3 4 5 6 |  6.3
Axes           | 1 2 3 4 5 6 |  6.3
Maces & Flails | 1 2 3 4 5 6 |  6.3
Polearms       | 1 2 3 4 5 6 |  6.3
Staves         | 1 2 3 4 5 6 |  6.3
Ranged Weapons | 1 2 3 4 5 6 |  6.3
Throwing       | 1 2 3 4 5 6 |  6.3
Armour         | 1 2 3 4 5 6 |  6.3
Shields        | 1 2 3 4 5 6 |  6.3
Unarmed Combat | 1 2 3 4 5 6 |  6.3
Evocations     | 1 2 3 4 5 6 |  6.3
Shapeshifting  | 1 2 3 4 5 |  5.7
Hexes          | 1 2 3 4 5 |  5.2
Summonings     | 1 2 3 4 5 |  5.2
Necromancy     | 1 2 3 4 5 |  5.2
Translocations | 1 2 3 4 5 |  5.2
Ice Magic      | 1 2 3 4 5 |  5.2
Air Magic      | 1 2 3 4 5 |  5.2
Earth Magic    | 1 2 3 4 5 |  5.2
Alchemy        | 1 2 3 4 5 |  5.2
Dodging        | 5 6 7 |  7.9
Stealth        | 5 6 7 |  7.6
Fire Magic     | 6 7 |  7.6

Action                     |  1- 3 |  4- 6 |  7- 9 | 10-12 || total
---------------------------+-------+-------+-------+-------++-------
  Melee: Unarmed           |     7 |     2 |       |       ||     9
         Bite              |     2 |     1 |    14 |     5 ||    22
         Short sword       |       |       |   124 |    73 ||   197
         Punch             |       |       |     4 |     5 ||     9
  Throw: Stone             |       |       |       |     3 ||     3
         Dart              |       |       |       |     2 ||     2
   Cast: Foxfire           |    68 |    89 |   190 |   168 ||   515
         Scorch            |       |       |     2 |    55 ||    57
         Swiftness         |       |       |     2 |       ||     2
         Sticky Flame      |       |       |     1 |     2 ||     3
         Flame Wave        |       |       |       |    21 ||    21
  Evoke: Wand              |       |       |     1 |       ||     1
    Use: Scroll            |       |       |    13 |     3 ||    16
         Potion            |       |       |       |     3 ||     3
   Stab: Sleeping          |       |       |       |     1 ||     1
 Armour: Robe              |     4 |    15 |    32 |    89 ||   140
  Dodge: Dodged            |     4 |    14 |    68 |   153 ||   239
